Map: [ESL] Tropical Sacrifice

Players

BattleB

  • Race: Terran Terran
  • Spawn Location: 7:00

HeroMarine - Winner!

  • Race: Terran Terran
  • Spawn Location: 1:00

Event: DreamHack SC2 Masters 2022 Atlanta (Online)

VOD

Have the link to the VOD?

Description

Time

  • Played on: Oct. 4, 2022, 1:57 p.m.
  • Length: 25:30

All games in this series

Show
View Real Time Build Order
Export as new Build Order

BattleB Terran 

Build Orders:  

Get SALT Encoding   

  12  0:00  SCV  
  13  0:13  SCV  
  14  0:18  Supply Depot  
  14  0:25  SCV  
  15  0:40  SCV  
  15  0:41  Barracks  
  16  0:44  Refinery  
  16  0:52  SCV  
  16  0:54  Refinery  
  17  1:04  SCV  
  18  1:16  SCV  
  19  1:29  Reaper, Orbital Command  
  20  1:34  Supply Depot  
  20  1:42  Factory  
  20  1:54  SCV  
  20  2:01  Reaper  
  22  2:06  SCV  
  23  2:18  Command Center  
  23  2:22  SCV  
  24  2:27  Hellion  
  26  2:33  Barracks Reactor  
  26  2:34  SCV  
  27  2:39  Supply Depot  
  27  2:46  SCV  
  27  2:48  Widow Mine  
  30  2:54  Starport  
  30  2:58  SCV  
  31  3:09  Factory Tech Lab  
  31  3:10  SCV, Marine x2  
  34  3:17  Refinery  
  34  3:22  SCV  
  35  3:28  Cyclone  
  35  3:31  Orbital Command  
  38  3:35  Starport Tech Lab  
  38  3:37  SCV  
  38  3:40  Marine  
  40  3:41  Marine  
  41  3:49  SCV  
  42  3:56  Raven  
  42  3:57  SCV  
  42  4:00  Supply Depot  
  47  4:03  SCV  
  47  4:05  Siege Tank  
  49  4:10  SCV  
  49  4:15  SCV  
  51  4:22  SCV  
  52  4:26  Command Center  
  52  4:29  SCV  
  53  4:34  Refinery  
  53  4:36  SCV  
  54  4:39  Siege Tank  
  54  4:41  Raven  
  54  4:44  SCV  
  60  4:46  Supply Depot  
  60  4:48  SCV  
  60  4:52  Supply Depot  
  61  4:57  SCV  
  62  5:08  SCV, Marine x2  
  62  5:11  SCV, Siege Tank  
  69  5:16  Supply Depot  
  69  5:20  SCV  
  70  5:23  SCV  
  70  5:28  Barracks  
  71  5:29  Barracks  
  71  5:34  Viking  
  71  5:35  SCV  
  74  5:36  Viking  
  74  5:39  SCV  
  77  5:44  Marine  
  77  5:45  Stimpack  
  78  5:50  SCV  
  78  5:51  Siege Tank  
  78  5:54  SCV  
  83  5:59  Engineering Bay  
  83  6:01  Engineering Bay  
  83  6:03  Orbital Command  
  83  6:07  SCV x2  
  83  6:08  Marine  
  86  6:13  Viking  
  86  6:19  SCV x2  
  86  6:22  Barracks Reactor x2  
  87  6:27  Marine  
  87  6:29  Terran Infantry Armor Level 1, Terran Infantry Weapons Level 1  
  87  6:31  SCV  
  87  6:32  SCV  
  89  6:33  SCV  
  89  6:36  Siege Tank  
  93  6:40  Supply Depot  
  93  6:42  Supply Depot  
  93  6:43  SCV  
  93  6:44  SCV  
  95  6:48  SCV, Refinery  
  95  6:49  Refinery  
  95  6:53  Marine  
  95  6:55  SCV  
  95  6:56  SCV  
  95  6:58  Viking x2  
  101  7:02  SCV  
  101  7:08  SCV  
  103  7:11  SCV  
  103  7:13  Command Center  
  103  7:14  SCV  
  105  7:18  Supply Depot  
  105  7:19  Supply Depot, Siege Tank  
  105  7:20  SCV  
  109  7:24  SCV  
  109  7:26  SCV  
  109  7:29  Combat Shield  
  111  7:32  SCV, Armory, Viking  
  111  7:36  SCV  
  115  7:38  Viking  
  115  7:39  SCV  
  115  7:43  Marine x2  
  115  7:44  SCV, Marine x3  
  123  7:47  Supply Depot  
  123  7:51  SCV x2  
  125  7:56  SCV  
  125  7:57  Supply Depot  
  127  7:59  Barracks  
  127  8:00  Barracks, Siege Tank  
  127  8:03  SCV  
  127  8:04  SCV, Marine  
  133  8:08  Supply Depot, Marine x3  
  133  8:11  Medivac  
  138  8:12  Medivac  
  138  8:17  SCV  
  138  8:19  SCV x2  
  143  8:29  Terran Infantry Armor Level 2, Terran Infantry Weapons Level 2  
  143  8:30  Terran Vehicle Weapons Level 1, Marine x2  
  144  8:34  Marine x2  
  144  8:37  SCV, Siege Tank  
  144  8:38  Marine  
  151  8:42  SCV x2  
  151  8:44  Sensor Tower  
  151  8:47  Viking  
  151  8:48  Marine x2  
  155  8:49  SCV, Marine x2  
  155  8:52  Marine  
  155  8:53  Marine  
  158  8:57  Marine  
  158  8:59  SCV x2  
  157  9:06  Sensor Tower, Marine x2  
  160  9:10  Marine x2  
  160  9:13  SCV x2  
  160  9:14  SCV  
  160  9:15  Sensor Tower  
  160  9:16  Barracks Reactor x2, Siege Tank  
  166  9:22  Factory  
  166  9:23  Planetary Fortress  
  166  9:26  SCV  
  166  9:29  Marine x4  
  169  9:40  Viking  
  169  9:43  Supply Depot  
  169  9:44  Viking  
  173  9:47  Marine x4  
  173  9:48  Supply Depot  
  170  9:55  Marine x2  
  170  9:59  Siege Tank  
  175  10:00  Marine x2  
  175  10:04  Marine  
  175  10:05  Marine x3  
  180  10:07  Refinery  
  180  10:08  Refinery  
  180  10:09  Barracks Reactor  
  180  10:10  Viking  
  180  10:11  Supply Depot  
  180  10:13  Missile Turret, Marine x2  
  187  10:14  Siege Tank  
  187  10:18  Marine x2  
  189  10:22  Marine, Starport  
  189  10:23  Starport  
  189  10:28  Command Center, Marine x3  
  190  10:31  Marine  
  190  10:32  Marine  
  190  10:35  Siege Tank  
  198  10:36  Marine x2  
  200  10:52  Marine x2  
  189  10:58  SCV  
  189  10:59  SCV x3, Siege Tank  
  180  11:08  Marine x2  
  180  11:10  SCV  
  170  11:11  Marine x2  
  170  11:13  Marine x2  
  170  11:14  SCV, Marine  
  170  11:15  SCV x2  
  170  11:18  Marine x2  
  178  11:19  Starport Tech Lab x2  
  178  11:20  Terran Infantry Weapons Level 3, Terran Infantry Armor Level 3  
  178  11:23  Refinery  
  178  11:28  SCV  
  178  11:29  SCV x2, Terran Vehicle Weapons Level 2, Marine x3  
  178  11:31  Marine x2  
  178  11:32  Marine  
  187  11:38  Missile Turret, Siege Tank  
  187  11:39  Missile Turret  
  189  11:40  Missile Turret  
  189  11:41  Raven x2  
  199  11:55  Siege Tank  
  199  11:56  Viking x2  
  196  12:09  Barracks  
  196  12:11  Barracks x2, Refinery  
  196  12:13  Sensor Tower  
  196  12:14  Refinery  
  191  12:24  Viking x2  
  191  12:27  Starport  
  194  12:32  Starport  
  194  12:34  Siege Tank  
  194  12:35  Viking  
  196  12:42  Viking  
  196  12:43  Marine x2  
  197  12:47  Planetary Fortress  
  197  12:55  Command Center  
  197  13:07  Barracks Reactor x3  
  197  13:08  Command Center, Sensor Tower  
  197  13:10  Missile Turret  
  197  13:14  Raven  
  196  13:23  Command Center  
  196  13:25  Starport Reactor  
  196  13:26  Starport Tech Lab  
  196  13:30  Command Center  
  196  13:33  Missile Turret  
  196  13:35  Raven  
  196  13:37  Missile Turret  
  196  13:38  Armory  
  198  13:57  Terran Vehicle Weapons Level 3, Hi-Sec Auto Tracking, Neosteel Armor, Raven  
  198  13:59  Armory  
  200  14:03  Command Center  
  197  14:17  Marine  
  198  14:30  Command Center  
  198  14:31  Command Center, Marine x2  
  198  14:33  Terran Vehicle And Ship Armor Level 1  
  199  15:02  Marine  
  198  15:07  Raven  
  183  15:17  Raven x2  
  183  15:18  Viking  
  183  15:19  Viking x3, Marine x6  
  183  15:20  Marine x2  
  183  15:21  Marine x2  
  191  15:25  Marine x2  
  191  15:26  Siege Tank  
  191  15:27  Siege Tank  
  179  15:30  Marine  
  179  15:31  Marine  
  179  15:34  Marine x2  
  171  15:37  Marine x2  
  171  15:41  SCV x2  
  175  15:47  Marine x4  
  175  15:48  Viking, Marine x8  
  175  15:49  Viking  
  191  15:50  Raven  
  191  15:53  Sensor Tower  
  191  15:54  Refinery  
  191  15:56  Refinery, Missile Turret, Starport, Viking x2  
  197  15:57  Starport  
  197  15:59  Hellbat  
  197  16:03  Marine  
  194  16:27  Viking x3, Terran Ship Weapons Level 1  
  194  16:28  Raven, Marine  
  200  16:32  Terran Vehicle And Ship Armor Level 2  
  196  16:41  Raven  
  196  16:42  Raven  
  196  16:44  Marine x6  
  197  17:06  Command Center  
  197  17:07  Marine  
  198  17:10  Raven  
  198  17:14  Planetary Fortress  
  198  17:18  Medivac  
  198  17:22  Barracks, Command Center  
  196  17:23  Command Center  
  196  17:26  Viking x2  
  200  17:31  Sensor Tower  
  200  17:33  Raven  
  200  17:34  Raven  
  200  17:35  Medivac  
  194  17:46  Siege Tank x2  
  194  17:50  Refinery x2  
  199  18:13  Viking x2  
  199  18:16  Raven  
  191  18:25  Viking, Raven  
  191  18:26  Raven  
  189  18:29  Marine x6  
  193  18:36  Orbital Command  
  193  18:38  Viking  
  193  18:39  Terran Ship Weapons Level 2  
  183  18:42  Orbital Command, Planetary Fortress  
  183  18:54  Marine  
  183  18:55  Viking x2, Marine x10  
  178  18:59  Raven  
  178  19:00  Viking  
  178  19:02  Marine x4  
  152  19:03  Siege Tank  
  152  19:05  Marine  
  152  19:08  Viking, Raven x2  
  152  19:09  Siege Tank  
  163  19:12  Marine x3  
  163  19:14  Marine  
  163  19:15  Orbital Command, Marine x2  
  163  19:16  Marine x2  
  171  19:17  Marine x2  
  171  19:22  SCV x3  
  171  19:23  SCV  
  173  19:25  Viking, Marine  
  173  19:26  Marine  
  170  19:37  Marine  
  169  19:40  Marine x4  
  169  19:42  Raven  
  166  19:47  Viking  
  166  19:51  Raven x2  
  171  19:56  Marine x3  
  171  19:57  Viking  
  166  20:07  Orbital Command  
  166  20:08  Marine x7  
  164  20:15  Marine x2  
  164  20:18  Marine x2  
  161  20:24  Marine x4  
  161  20:25  Marine  
  154  20:36  Raven  
  154  20:37  Raven x2  
  154  20:42  Siege Tank x2  
  163  20:45  Marine x7  
  164  20:57  Marine  
  164  21:03  Marine x2  
  165  21:08  Viking x3  
  165  21:10  Viking  
  173  21:11  Marine  
  173  21:12  Marine x2  
  173  21:17  Marine x3  
  176  21:19  Raven x2  
  176  21:20  Raven, Marine x2  
  176  21:21  Marine x2  
  176  21:22  Marine x2  
  176  21:25  Siege Tank  
  189  21:38  Viking  
  183  21:40  Marine x11  
  183  21:41  Siege Tank  
  178  21:50  SCV x6  
  178  21:51  Marine  
  178  21:53  Marine  
  166  21:54  SCV  
  158  22:02  SCV x2, Raven  
  158  22:06  Raven x2  
  159  22:10  Marine x2  
  159  22:13  Medivac x2  
  161  22:20  Viking x2  
  165  22:28  Marine x2  
  157  22:32  Marine  
  157  22:33  Marine  
  143  22:38  Marine  
  143  22:39  SCV, Marine x2  
  143  22:40  SCV x5  
  143  22:43  Viking  
  142  22:45  Raven  
  142  22:46  Marine x2  
  142  22:49  Raven  
  142  22:51  Marine x2  
  150  22:52  SCV, Marine  
  150  22:53  Marine x2  
  150  22:56  Marine  
  150  22:57  Refinery  
  151  22:59  Marine x4  
  151  23:00  Raven  
  151  23:04  Viking, Marine x2  
  161  23:07  Viking, Marine x2  
  165  23:14  Marine  
  153  23:22  Marine  
  153  23:23  Marine  
  153  23:24  Marine x3  
  153  23:25  Siege Tank  
  153  23:27  Siege Tank  
  148  23:28  Raven  
  148  23:29  Orbital Command  
  148  23:30  Marine  
  148  23:31  Marine x2  
  152  23:36  Marine  
  152  23:37  Marine x2  
  152  23:47  Marine x2  
  150  23:50  Marine x3  
  150  23:52  Marine  
  150  23:53  Medivac  
  150  23:54  Marine  
  155  23:58  Marine x2  
  155  23:59  Viking  
  155  24:01  Raven  
  158  24:12  SCV x3  
  158  24:15  SCV x2  
  161  24:18  Marine  
  161  24:21  SCV  
  155  24:26  SCV  
  155  24:27  SCV  
  155  24:35  Siege Tank  
  155  24:38  Siege Tank  
  161  24:46  Marine x2  
  131  25:00  Marine  
  131  25:01  Marine x9  
  131  25:02  Marine  
  131  25:04  Marine x2  
  132  25:09  Marine x2  
Show
View Real Time Build Order
Export as new Build Order

HeroMarine Terran - Winner!

Build Orders:  

Get SALT Encoding   

  12  0:00  SCV  
  13  0:12  SCV  
  14  0:17  Supply Depot  
  14  0:24  SCV  
  15  0:39  SCV  
  15  0:41  Barracks  
  16  0:44  Refinery  
  16  0:51  SCV  
  16  0:53  Refinery  
  17  1:03  SCV  
  18  1:15  SCV  
  19  1:28  Reaper, Orbital Command  
  20  1:34  Supply Depot  
  20  1:42  Factory  
  20  1:53  SCV  
  21  2:00  Reaper  
  22  2:05  SCV  
  23  2:19  Command Center  
  23  2:21  SCV  
  24  2:26  Hellion  
  26  2:32  Reaper  
  26  2:33  SCV  
  26  2:36  Supply Depot  
  28  2:45  SCV  
  28  2:47  Widow Mine  
  31  2:52  Starport  
  31  2:58  SCV  
  32  3:04  Barracks Reactor  
  32  3:09  Factory Tech Lab  
  32  3:10  SCV  
  33  3:16  Refinery  
  33  3:22  SCV  
  34  3:28  Cyclone, Starport Tech Lab  
  34  3:31  Orbital Command  
  37  3:34  SCV  
  37  3:41  Marine x2  
  38  3:46  SCV  
  41  3:50  Raven  
  43  3:57  SCV  
  43  3:58  SCV  
  46  4:11  SCV  
  46  4:13  Command Center  
  46  4:14  SCV  
  47  4:18  Siege Tank  
  47  4:21  Supply Depot  
  50  4:25  SCV  
  50  4:26  SCV  
  52  4:33  Raven  
  52  4:37  Supply Depot  
  54  4:43  SCV x2  
  54  4:44  Refinery, Marine x2  
  58  4:52  Siege Tank  
  61  4:55  SCV  
  61  4:59  SCV  
  63  5:07  SCV  
  63  5:09  Supply Depot  
  63  5:11  SCV  
  65  5:19  SCV  
  65  5:20  Stimpack  
  66  5:23  SCV  
  66  5:24  Siege Tank  
  66  5:25  Viking  
  66  5:26  Viking  
  74  5:32  SCV  
  74  5:33  Barracks  
  74  5:34  Barracks  
  74  5:35  SCV  
  76  5:44  SCV  
  76  5:46  Orbital Command  
  76  5:47  SCV  
  79  5:53  Engineering Bay  
  79  5:54  Engineering Bay  
  79  5:56  SCV  
  80  5:58  Siege Tank  
  80  5:59  SCV  
  83  6:06  Supply Depot, Viking  
  83  6:07  Viking  
  83  6:09  SCV  
  86  6:11  SCV  
  86  6:13  SCV  
  86  6:21  SCV, Terran Infantry Armor Level 1, Terran Infantry Weapons Level 1  
  86  6:23  SCV  
  86  6:25  SCV  
  89  6:27  Barracks Reactor  
  89  6:28  Barracks Reactor  
  89  6:30  Refinery x2, Marine  
  89  6:34  SCV  
  89  6:37  SCV, Sensor Tower  
  89  6:38  Supply Depot  
  91  6:40  SCV  
  91  6:46  SCV  
  92  6:47  Marine  
  92  6:49  SCV, Siege Tank  
  92  6:52  SCV  
  98  6:56  Supply Depot, Viking  
  98  6:58  SCV  
  98  6:59  Viking  
  98  7:00  Supply Depot  
  103  7:02  SCV  
  103  7:05  SCV  
  105  7:08  Command Center  
  105  7:10  SCV  
  105  7:14  SCV, Combat Shield  
  107  7:17  SCV  
  107  7:22  SCV  
  109  7:23  Barracks x2  
  109  7:26  SCV  
  109  7:27  Marine x5  
  109  7:29  SCV  
  116  7:30  Medivac  
  116  7:32  Medivac  
  116  7:34  SCV  
  121  7:37  Supply Depot  
  121  7:38  Supply Depot  
  121  7:39  Armory  
  121  7:40  SCV  
  121  7:41  SCV  
  120  7:45  Siege Tank  
  120  7:46  SCV  
  120  7:48  Supply Depot  
  124  7:52  SCV  
  125  7:58  Marine x5  
  125  8:03  SCV x2  
  125  8:04  SCV  
  125  8:05  Missile Turret  
  133  8:07  Viking x2  
  133  8:10  Barracks Reactor x2  
  137  8:15  Factory  
  137  8:16  Marine x3  
  137  8:17  Siege Tank, Marine x2  
  145  8:22  SCV x3  
  148  8:30  Terran Infantry Weapons Level 2  
  147  8:34  Refinery x2, Terran Infantry Armor Level 2  
  141  8:44  Marine x5  
  143  8:51  Medivac x2  
  143  8:52  Terran Vehicle Weapons Level 1  
  143  8:55  Marine x2  
  147  8:58  Marine  
  147  8:59  Marine  
  147  9:01  Marine  
  147  9:02  Command Center, Marine x3  
  151  9:10  Siege Tank  
  151  9:13  Marine x2  
  151  9:16  Marine  
  156  9:17  Marine  
  156  9:23  Marine  
  157  9:28  Supply Depot  
  157  9:29  Supply Depot  
  157  9:30  Medivac x2, Marine x4  
  165  9:34  Supply Depot x2  
  165  9:46  Supply Depot  
  165  9:49  Marine x8  
  165  9:50  Marine  
  165  9:51  Command Center, Siege Tank x2  
  176  10:00  Viking x2  
  177  10:07  Marine x8  
  177  10:08  Marine  
  186  10:16  SCV x3  
  189  10:23  Siege Tank, Starport  
  189  10:24  Starport  
  189  10:25  Marine x5  
  189  10:26  Siege Tank  
  200  10:31  Refinery  
  200  10:34  Refinery  
  200  10:47  Terran Infantry Weapons Level 3  
  200  10:51  Terran Infantry Armor Level 3  
  200  10:55  Terran Vehicle Weapons Level 2  
  192  10:57  Viking x2  
  192  11:00  Planetary Fortress  
  196  11:06  Sensor Tower  
  174  11:14  Viking x2  
  172  11:18  Barracks Reactor  
  172  11:22  Refinery  
  172  11:25  Command Center  
  172  11:26  Command Center  
  172  11:30  Viking x2, Planetary Fortress  
  176  11:35  SCV x3  
  179  11:44  Siege Tank x2  
  179  11:45  Refinery, Starport Tech Lab  
  185  11:47  SCV  
  185  11:50  Starport Tech Lab  
  185  12:00  Viking x2  
  189  12:03  Corvid Reactor  
  189  12:05  Raven  
  190  12:09  Raven  
  190  12:25  Command Center  
  190  12:26  Command Center  
  190  12:27  Command Center  
  188  12:47  Medivac x2  
  198  12:52  Orbital Command x2  
  198  12:56  Command Center  
  198  13:02  Raven x2  
  197  13:19  Terran Ship Weapons Level 1, Starport  
  193  13:20  Starport  
  193  13:21  Armory  
  193  13:24  Hi-Sec Auto Tracking  
  193  13:25  Command Center  
  193  13:27  Command Center  
  193  13:28  Neosteel Armor  
  193  13:31  Sensor Tower  
  193  13:39  Viking x2  
  197  13:44  Orbital Command  
  197  13:46  Orbital Command  
  194  13:52  Viking  
  193  14:01  Raven  
  193  14:02  Starport Reactor  
  195  14:03  Starport Tech Lab  
  195  14:06  Planetary Fortress  
  194  14:16  Viking x2  
  198  14:22  Raven  
  200  14:26  Sensor Tower, Raven, Orbital Command  
  200  14:31  Refinery  
  200  14:32  Refinery  
  200  14:35  Missile Turret  
  200  14:51  Viking  
  188  15:01  Siege Tank x2, Marine x2  
  188  15:06  Marine x8  
  193  15:07  Raven x2  
  185  15:18  Raven  
  185  15:19  Marine x2  
  185  15:20  Viking x2  
  166  15:23  Marine  
  166  15:24  Viking, Marine x4  
  166  15:28  Marine x2  
  169  15:31  Marine  
  169  15:33  Siege Tank  
  175  15:37  Marine  
  175  15:39  Orbital Command  
  176  15:43  Terran Ship Weapons Level 2  
  176  15:46  Terran Vehicle And Ship Armor Level 1  
  176  15:47  Refinery  
  176  15:50  Raven  
  176  15:52  Refinery, Siege Tank  
  176  15:53  Raven  
  181  15:57  Factory  
  181  15:59  Viking x2  
  181  16:01  Marine x3  
  188  16:04  Marine x2  
  188  16:07  Marine  
  188  16:09  Liberator  
  188  16:10  Raven  
  196  16:13  Planetary Fortress  
  183  16:27  Siege Tank  
  183  16:29  Siege Tank  
  183  16:32  Starport  
  179  16:35  Starport  
  179  16:37  Marine, Starport  
  177  16:47  Viking, Factory Tech Lab, Raven x2  
  177  16:53  Raven  
  185  16:59  Siege Tank  
  190  17:01  Siege Tank  
  190  17:03  Marine x2  
  200  17:10  Siege Tank, Marine x4  
  199  17:21  Command Center  
  188  17:30  Raven x2  
  188  17:31  Siege Tank  
  188  17:33  Siege Tank  
  188  17:36  Starport Tech Lab, Starport Reactor, Raven  
  199  17:37  Starport Tech Lab  
  199  17:48  Command Center  
  199  17:49  Command Center  
  197  17:51  Command Center  
  197  17:58  Raven, Terran Vehicle And Ship Armor Level 2  
  197  18:15  Raven  
  194  18:29  Raven x2  
  194  18:30  Viking x2  
  193  18:37  Viking x3  
  193  18:39  Viking  
  159  18:55  Marine x2  
  159  18:56  Raven x2  
  159  18:57  Siege Tank x3, Marine x2  
  159  18:58  Raven, Marine x3  
  159  19:02  Marine  
  163  19:03  Marine x2  
  158  19:10  Viking  
  158  19:13  Viking, Marine  
  163  19:17  Viking  
  159  19:28  Viking  
  146  19:33  Marine x2  
  146  19:34  Viking x2  
  146  19:36  Viking x2  
  146  19:38  Siege Tank  
  155  19:40  Siege Tank  
  155  19:45  Marine x2  
  155  19:46  Marine x2  
  155  19:52  Marine x2  
  159  19:58  Marine x2  
  159  19:59  Siege Tank  
  148  20:01  Viking x4  
  154  20:10  Viking  
  154  20:12  Marine x2  
  155  20:16  Siege Tank  
  155  20:19  Marine x2  
  155  20:21  Marine x6  
  157  20:22  Raven  
  157  20:28  Terran Ship Weapons Level 3  
  160  20:30  Marine x2  
  162  20:36  Raven x3  
  164  20:43  Marine x2  
  164  20:48  Medivac x2  
  164  20:49  Starport Tech Lab  
  170  20:52  Marine x2  
  170  20:56  Marine x2  
  174  21:02  Marine  
  171  21:06  Siege Tank  
  171  21:08  Marine x2  
  176  21:14  Marine x2  
  178  21:23  Marine  
  179  21:32  Marine x2  
  175  21:38  Siege Tank  
  175  21:39  Marine x3  
  152  21:40  Marine x3  
  152  21:41  Marine x2  
  142  21:50  Marine x2  
  122  21:57  Viking, Marine x3  
  122  21:58  Marine x3  
  122  21:59  Viking x2  
  122  22:01  Marine x2  
  125  22:07  Factory Tech Lab x2, Raven x2  
  125  22:08  Raven x3  
  133  22:10  Siege Tank, Marine x2  
  133  22:14  Marine  
  133  22:16  Marine  
  133  22:17  Marine  
  133  22:19  Marine  
  128  22:36  Siege Tank  
  126  22:37  Marine x2  
  126  22:42  Siege Tank  
  129  22:50  Raven x2  
  131  22:52  Siege Tank  
  134  23:04  Marine  
  134  23:05  Marine  
  136  23:07  Marine x2  
  136  23:08  Siege Tank  
  136  23:11  Marine  
  142  23:14  Siege Tank, Marine x2  
  142  23:18  Marine x3  
  144  23:22  Marine x2  
  144  23:24  Medivac x3, Marine  
  144  23:25  Siege Tank, Marine  
  157  23:29  Marine  
  157  23:32  Marine x2  
  157  23:36  Marine x3  
  157  23:40  Marine x2  
  162  23:42  Marine x2  
  162  23:47  Marine  
  165  23:50  Marine x2  
  165  23:54  Marine x3  
  166  23:58  Viking x2, Marine x2  
  166  24:00  Marine x2  
  172  24:05  Marine  
  172  24:06  Viking  
  172  24:08  Marine x2  
  177  24:11  Marine  
  177  24:12  Marine x2  
  180  24:23  Marine x5  
  185  24:26  Marine x2  
  185  24:29  Marine x3  
  190  24:32  SCV x2  
  190  24:34  SCV  
  190  24:35  SCV  
  194  24:38  Orbital Command  
  194  24:41  Marine x3  
  194  24:44  Viking  
  194  24:45  Refinery  
  199  24:46  Refinery  
  195  24:59  Viking x2  
  167  25:02  Marine  
  167  25:03  Marine  
Tags
 
Add a new tag
Caveats
  • Supply blocks, unpowered buildings, or Contaminate may cause inaccurate times.
  • Supply counts are checked every 10 seconds.